 Dungeon Crawl Stone Soup version 0.24.0-1-gfbc8707122 (console) character file.

Game seed: 10528820582368764691, levelgen mode: deterministic

91 AlterAsc the Firebug (level 4, -17/33 HPs)
             Began as a Draconian Fire Elementalist on Oct 26, 2019.
             Demolished by a fire vortex (25 damage)
             ... summoned by miscasting Sticky Flame
             ... on level 3 of the Dungeon.
             The game lasted 00:14:09 (3252 turns).

AlterAsc the Firebug (Draconian Fire Elementalist)  Turns: 3252, Time: 00:14:09

Health: -17/33     AC:  7    Str: 10    XL:     4   Next: 34%
Magic:  3/7        EV: 12    Int: 16    God:
Gold:   108        SH:  0    Dex: 12    Spells: 0/8 levels left

rFire    . . .     SeeInvis .   t - +0 quarterstaff
rCold    . . .     Gourm    .   (shield currently unavailable)
rNeg     . . .     Faith    .   (armour unavailable)
rPois    .         Spirit   .   (helmet restricted)
rElec    .         Reflect  .   u - +0 cloak
rCorr    .         Harm     +   D - +0 pair of gloves
MR       .....                  (no boots)
Stlth    +++.......             C - amulet of harm
HPRegen  0.00/turn              a - ring of stealth
MPRegen  0.10/turn              A - ring of stealth

@: confused, very slightly contaminated
A: unfitting armour, blurry vision 1, low mp 1, mutation resistance 1, inhibited
regeneration, cold-blooded, AC +5
a: no special abilities


You were on level 3 of the Dungeon.
You were not hungry.

You visited 1 branch of the dungeon, and saw 3 of its levels.

You collected 108 gold pieces.

Inventory:

Hand Weapons
 d - a +0 club
 g - a +0 short sword
 t - a +0 quarterstaff (weapon)
Missiles
 e - 99 stones (quivered)
 f - 21 arrows
 i - 20 bolts
 z - 19 poisoned darts
Armour
 u - a +0 cloak (worn)
 D - a +0 pair of gloves (worn)
Jewellery
 a - a ring of stealth (left hand)
 A - a ring of stealth (right hand)
 C - an amulet of harm (around neck)
Scrolls
 c - a scroll of enchant weapon {unknown}
 l - a scroll of magic mapping {unknown}
 m - a scroll of fog {unknown}
 n - a scroll of enchant armour {unknown}
 q - 2 scrolls of remove curse {unknown}
 r - a scroll of identify {unknown}
 s - 2 scrolls of noise {unknown}
 y - 2 scrolls of blinking {unknown}
 B - a scroll of teleportation {unknown}
Potions
 h - a potion of might {unknown}
 k - 2 potions of mutation
 o - a potion of curing
 p - a potion of lignification {unknown}
 v - a potion of brilliance {unknown}
 w - 2 potions of haste {unknown}
 x - 2 potions of heal wounds {unknown}
Comestibles
 b - 3 rations


   Skills:
 - Level 2.0 Dodging
 - Level 1.8 Stealth
 + Level 2.9 Spellcasting
 + Level 2.4 Conjurations
 + Level 3.8 Fire Magic


You couldn't memorise any spells.
You knew the following spells:

 Your Spells              Type           Power        Failure   Level  Hunger
a - Flame Tongue          Conj/Fire      ##...        5%          1    #......
b - Conjure Flame         Conj/Fire      ##......     16%         3    ###....
c - Sticky Flame          Conj/Fire      ##......     45%         4    #####..

Your spell library contained the following spells:

 Spells                   Type           Power        Failure   Level  Hunger
 Throw Flame              Conj/Fire      ##....       8%          2    ##.....
 Inner Flame              Hex/Fire       #.......     26%         3    ###....
 Fireball                 Conj/Fire      ##........   82%         5    ######.


Dungeon Overview and Level Annotations

Branches:
Dungeon (3/15)

Altars:

Annotations:
D:3 Sigmund


Innate Abilities, Weirdness & Mutations

Your plain brown scales are hard. (AC +5)
You cannot fit into any form of body armour.
You are cold-blooded and may be slowed by cold attacks.
Scrolls take you a little longer to read.
Your magical capacity is low. (-10% MP)
You are somewhat resistant to further mutation.
You do not regenerate when monsters are visible.


Message History

Press: ? - help, Shift-Dir - straight line, f - Sigmund
Aim: Sigmund, wielding a +0 scythe and wearing a +0 robe You miscast Sticky Flame.
You are very lightly contaminated with residual magic.
Fire whirls out from your hands! 2 fire vortices come into view.
Sigmund points at you and mumbles some strange words.
You are confused.
You barely miss the fire vortex. The fire vortex hits you.
The fire vortex burns you!
Ouch! That really hurt!
* * * LOW HITPOINT WARNING * * *
The fire vortex dissipates!
Sigmund casts a spell at you. You resist with some effort.
You're too confused!
You bump into the rock wall.
The fire vortex hits you. The fire vortex burns you!
Ouch! That really hurt!
You die...

.<........... #.......#
#####...####. #.......#
#†..# #.......# .....#
#.......# ......##
#.##..#.####
#####.##.##......)...#
.##......)......#
#####.@##.#..#.########
#.@##.............. .#
#.○......#.#######. .(
##.##.##.#.# ## (#
.#######.........# .
.........######### .
.#######.# # ##.# #
#..# # #.##


You could see Sigmund.

Vanquished Creatures
  An adder (D:2)
  An ooze (D:1)
  3 worms
  3 leopard geckos (D:2)
  A ball python (D:3)
  3 giant cockroaches
  7 goblins
  10 hobgoblins
  4 jackals (D:1)
  10 kobolds
  A quokka (D:2)
  5 bats
  8 frilled lizards
  6 rats
63 creatures vanquished.

Vanquished Creatures (others)
  A fire vortex (D:3)
1 creature vanquished.

Grand Total: 64 creatures vanquished

Notes
Turn   | Place    | Note
-------+----------+-------------------------------------------
     0 | D:1      | AlterAsc the Draconian Fire Elementalist began the quest
                  | for the Orb.
     0 | D:1      | Reached XP level 1. HP: 14/14 MP: 3/3
   102 | D:1      | Reached XP level 2. HP: 15/20 MP: 0/5
   920 | D:1      | Reached XP level 3. HP: 26/26 MP: 1/6
  1767 | D:2      | Found a faded altar of an unknown god.
  1943 | D:2      | Reached XP level 4. HP: 25/33 MP: 0/8
  2401 | D:3      | Learned a level 3 spell: Conjure Flame
  2549 | D:3      | Noticed Sigmund
  2576 | D:3      | Gained mutation: Your magical capacity is low. (-10% MP)
                  | [potion of mutation]
  2576 | D:3      | Gained mutation: You do not regenerate when monsters are
                  | visible. [potion of mutation]
  2576 | D:3      | Gained mutation: Scrolls take you a little longer to read.
                  | [potion of mutation]
  2576 | D:3      | Gained mutation: You are somewhat resistant to further
                  | mutation. [potion of mutation]
  2825 | D:2      | Learned a level 4 spell: Sticky Flame
  3252 | D:3      | Demolished by a fire vortex

Levels and vault maps discovered:
D:1:      lemuel_arrival_room, layout_basic
D:2:      kb_forest_paths, layout_loops_ring, chequers_ecumenical_altar_grove,
          grunt_ministairs_1
D:3:      layout_loops_cross, uniq_natasha, uniq_sigmund

Skill      XL: |  1  2  3 |
---------------+----------+-----
Dodging        | 2 |  2.0
Conjurations   | 2 |  2.4
Stealth        | |  1.8
Spellcasting   | |  2.9
Fire Magic     | |  3.8

Action                   |  1- 3 |  4- 6 || total
-------------------------+-------+-------++-------
Melee: Unarmed           |    11 |       ||    11
       Tailslap          |     6 |       ||     6
       Short sword       |    21 |       ||    21
       Quarterstaff      |     3 |     4 ||     7
Throw: Stone             |    10 |     3 ||    13
 Cast: Flame Tongue      |    98 |    31 ||   129
       Conjure Flame     |       |     1 ||     1
  Use: Potion            |       |     2 ||     2
  Eat: Chunk             |     4 |     3 ||     7
       Ration            |       |     1 ||     1
Armor: Skin              |    24 |     8 ||    32
Dodge: Dodged            |    53 |    16 ||    69
